[Event "*** Titled Tuesday Blitz"]
[Site "Chess.com"]
[Date "2020.04.21"]
[Round "6"]
[White "FLamps8"]
[Black "Kezin_Roman"]
[Result "0-1"]
[WhiteElo "2533"]
[BlackElo "2741"]
[TimeControl "180+1"]
[EndTime "11:09:05 PDT"]
[Termination "Kezin_Roman won by resignation"]

1. d4 d5 2. Bf4 c5 3. e3 Nc6 4. c3 Qb6 5. Qc2 Nf6 6. Nd2 Bg4 7. Ngf3 e6 8. Be2 Be7 9. O-O O-O 10. Rac1 Rac8 11.
Nb3 c4 12. Nbd2 Bf5 13. Qd1 Qxb2 14. Nh4 Ba3 15. Ra1 Bc2 16. Qe1 Qxc3 17. Rc1 Bxc1 18.
Qxc1 Nb4 19. Nb1 Qa1 20. Bd6 Qxb1 21. Qxb1 Bxb1 22. Rxb1 Nxa2 23. Bxf8 Nc3 24. Rxb7 Nxe2+ 25. Kf1 Kxf8 26. Kxe2 Ra8 27. Nf3 a5 28. Ne5 a4 29.
Rxf7+ Kg8 30. Rb7 a3 31. Rb1 Ne4 32. Ra1 a2 33. f3 Nc3+ 34. Kd2 Nb5 35. Kc2 Ra3 36.
Nc6 Rxe3 37. Kd2 Ra3 38. Kc2 Ra6 39. Nb4 Nxd4+ 40. Kc3 Nb5+ 41. Kb2 Ra4 42. Nxa2 d4 43. Re1 c3+ 44. Kb3 Ra3+ 45. Kb4 Rxa2 46. Kxb5 d3 47.
Rxe6 d2 0-1

[Event "*** Titled Tuesday Blitz"]
[Site "Chess.com"]
[Date "2020.04.21"]
[Round "6"]
[White "SloLev"]
[Black "bancsoo"]
[Result "0-1"]
[WhiteElo "2522"]
[BlackElo "2734"]
[TimeControl "180+1"]
[EndTime "11:09:05 PDT"]
[Termination "bancsoo won on time"]

1. e4 d5 2. exd5 Qxd5 3. Nc3 Qd8 4. d4 Nf6 5. Nf3 g6 6. Bf4 Bg7 7. Qd2 a6 8. O-O-O b5 9. Bh6 Bxh6 10. Qxh6 Bb7 11. Ne5 Qd6 12. f3 Nbd7 13. Qe3 b4 14.
Na4 Nd5 15. Qb3 Nxe5 16. dxe5 Qxe5 17. Bc4 Qe3+ 18. Kb1 Qxb3 19. Bxb3 e6 20. Nc5 Bc6 21. Rhe1 O-O-O 22. Nxa6 Bb5 23. Bxd5 Bxa6 24. Be4 c5 25. c3 bxc3 26. bxc3 Kc7 27. Kc2 Bc4 28. Rb1 Rb8 29.
a3 Bb5 30. f4 Rhd8 31. Kc1 h5 32.
g3 Rd6 33. Bc2 Ra6 34. Re5 Rc6 35. Be4 Rcb6 36. c4 Bd7 37. Rxc5+ Kd6 38. Rxb6+ Rxb6 39. Ra5 Rb3 40. Kc2 Re3 41. c5+ Ke7 42. Bd3 Bc6 43. Kd2 Rf3 44. Ke2 h4 45. Ra6 Bd5 46. gxh4 Rh3 47.
Ra7+ Kf6 48. Rc7 Rxh4 49. Ke3 Rxh2 50. c6 e5 51. fxe5+ Kxe5 52. Re7+ Kd6 53. c7 Rh8 0-1

[Event "*** Titled Tuesday Blitz"]
[Site "Chess.com"]
[Date "2020.04.21"]
[Round "6"]
[White "EfM13"]
[Black "Shivagami"]
[Result "0-1"]
[WhiteElo "2276"]
[BlackElo "2162"]
[TimeControl "180+1"]
[EndTime "11:09:05 PDT"]
[Termination "Shivagami won on time"]

1. e4 c5 2. c3 d5 3. exd5 Qxd5 4. d4 cxd4 5. cxd4 Nc6 6. Nf3 Bg4 7. Be2 e6 8. O-O Nf6 9. Nc3 Qd7 10. Be3 Bd6 11.
h3 Bh5 12. Qa4 O-O 13. Rfd1 a6 14. Bg5 b5 15. Qc2 Nb4 16. Qd2 Nbd5 17. Ne5 Bxe5 18.
dxe5 Bxe2 19. Qxe2 Nxc3 20. bxc3 Nd5 21. Qg4 Kh8 22.
Rd3 Qc7 23. Qg3 Rac8 24. Rc1 Qa5 25. Rc2 Rc4 26. Rf3 Qc7 27. Kh2 Re4 28. a4 Qxe5 29.
Qxe5 Rxe5 30. Bc1 bxa4 31. Ba3 Rc8 32. Rxf7 Re1 33. Rf3 Ra1 34. c4 Nf6 35. Re2 Rc6 0-1

[Event "*** Titled Tuesday Blitz"]
[Site "Chess.com"]
[Date "2020.04.21"]
[Round "6"]
[White "Indianlad"]
[Black "bascheyaro"]
[Result "1/2-1/2"]
[WhiteElo "2979"]
[BlackElo "2717"]
[TimeControl "180+1"]
[EndTime "11:09:06 PDT"]
[Termination "Game drawn - insufficient material"]

1. Nf3 d5 2. e3 Nf6 3. c4 c6 4. Nc3 Bf5 5. cxd5 Nxd5 6. Qb3 Qb6 7. Nxd5 Qxb3 8. axb3 cxd5 9. Nd4 Bd7 10. Nb5 Bxb5 11. Bxb5+ Nc6 12. d4 e6 13. Bxc6+ bxc6 14.
Bd2 Kd7 15. Kd1 Bd6 16. Kc2 c5 17. Bc3 Rhc8 18. Kd3 f6 19. Ra6 cxd4 20. Bxd4 e5 21. Bxa7 Rc6 22. Ra4 Rac8 23. Rd1 Rc2 24. Rd2 Rxd2+ 25.
Kxd2 Rc7 26. Bb6 Rb7 27. Ra6 Bb4+ 28. Kd3 Kc6 29. Bd8+ Kd7 30. Bb6 Kc6 31. Bd8+ Kb5 32. Ra8 Rd7 33. Rb8+ Kc5 34. f4 Be1 35. Ke2 Bb4 36.
Kd3 h5 37. g3 Be1 38. Ke2 Bb4 39. h3 d4 40. exd4+ exd4 41. Kd3 Be1 42. g4 hxg4 43.
hxg4 Bg3 44. Bb6+ Kc6 45. Bxd4 Bxf4 46. Rb4 Be5 47. Rc4+ Kb5 48. Ke4 Bxd4 49. Rxd4 Rxd4+ 50. Kxd4 g6 51. Kd5 f5 52. gxf5 gxf5 53. Ke5 Kb4 54.
Kxf5 Kxb3 55. Ke4 Kxb2 1/2-1/2

[Event "*** Titled Tuesday Blitz"]
[Site "Chess.com"]
[Date "2020.04.21"]
[Round "6"]
[White "2nd_life"]
[Black "MaxVavulin"]
[Result "0-1"]
[WhiteElo "2405"]
[BlackElo "2586"]
[TimeControl "180+1"]
[EndTime "11:09:07 PDT"]
[Termination "MaxVavulin won on time"]

1. e4 e5 2. f4 exf4 3. Nf3 d6 4. Nc3 h6 5. g3 fxg3 6. hxg3 Nf6 7. d4 Bg4 8. Qd3 Nc6 9. Bg2 Be7 10. a3 Qd7 11. Bd2 O-O-O 12. b4 Rde8 13. b5 Nb8 14. O-O Bh3 15. Nh4 Bxg2 16. Kxg2 Bd8 17. Rae1 Ng4 18. Nf5 g6 19. Ne3 Nxe3+ 20. Bxe3 h5 21. Qe2 h4 22. g4 h3+ 23. Kh1 Rh4 24. Qf3 Rxg4 25. Qxf7 Qxf7 26. Rxf7 Rg2 27. Re2 Rxe2 28. Nxe2 Rxe4 29. Rf3 g5 30. Ng3 g4 31. Nxe4 gxf3 32. Kh2 Nd7 33. Kxh3 Nb6 34. Nd2 Nd5 35. Bf2 Nc3 36. a4 Nxa4 37. c4 Nb2 38. Kg4 Nd3 0-1

[Event "*** Titled Tuesday Blitz"]
[Site "Chess.com"]
[Date "2020.04.21"]
[Round "6"]
[White "vinniethepooh"]
[Black "WIDBIFS"]
[Result "1/2-1/2"]
[WhiteElo "2632"]
[BlackElo "2774"]
[TimeControl "180+1"]
[EndTime "11:09:08 PDT"]
[Termination "Game drawn - insufficient material"]

1. d4 Nf6 2. c4 g6 3. Nc3 Bg7 4. e4 O-O 5. Be2 d6 6. Be3 Na6 7. Nf3 e5 8. O-O Bg4 9. dxe5 Bxf3 10. exf6 Bxe2 11. Nxe2 Qxf6 12. Bd4 Qe6 13. Bxg7 Kxg7 14. Qd4+ Qe5 15. f3 Rae8 16. a3 Nc5 17. Rad1 f5 18. b4 Nd7 19. exf5 Rxf5 20. Ng3 Qxd4+ 21. Rxd4 Rfe5 22. Rfd1 Nf6 23. Kf2 h5 24. h4 a5 25.
R4d2 axb4 26. axb4 Ra8 27. Ne2 Ra4 28. Rb2 Kf7 29. Nc3 Ra8 30. Nb5 Re7 31. Re1 Rae8 32. Rbe2 Rxe2+ 33. Rxe2 Rxe2+ 34. Kxe2 Ne8 35. Ke3 c6 36.
Nd4 Ng7 37. g4 Kf6 38. Ne2 Ne6 39. Ng3 hxg4 40. fxg4 d5 41. cxd5 cxd5 42. h5 gxh5 43. gxh5 Kg5 44. Kd3 Kg4 45. h6 Kxg3 46. h7 Nf4+ 47.
Kd4 Ng6 48. Kxd5 Kf4 49. b5 Kf5 50. b6 Kf6 51. Kd6 Kg7 52. Kc7 Ne5 53. Kxb7 Nc4 54.
Kc7 Nxb6 55. Kxb6 Kxh7 1/2-1/2

[Event "*** Titled Tuesday Blitz"]
[Site "Chess.com"]
[Date "2020.04.21"]
[Round "6"]
[White "Adham_Fawzy"]
[Black "Saxar85"]
[Result "0-1"]
[WhiteElo "2762"]
[BlackElo "2608"]
[TimeControl "180+1"]
[EndTime "11:09:08 PDT"]
[Termination "Saxar85 won by checkmate"]

1. e4 e5 2. Nf3 Nc6 3. d4 exd4 4. Bc4 Bc5 5. O-O d6 6. c3 d3 7. Qxd3 Nf6 8. Bg5 O-O 9. b4 Bb6 10. Nbd2 Be6 11. a4 a6 12. a5 Ba7 13. h3 h6 14.
Bh4 Ne5 15. Nxe5 dxe5 16. Qe2 Qe7 17. Nf3 Bxc4 18. Qxc4 Rad8 19. Bg3 Qe6 20. Qxc7 Nxe4 21. Qxe5 Rfe8 22. Qxe6 Rxe6 23. Be5 Nd2 24. Nxd2 Rxd2 25. Rae1 Rc2 26. Bg3 Rxc3 27. Rxe6 fxe6 28. Rd1 Rxg3 29.
Rd8+ Kh7 30. Rd7 Rb3 31. Rxb7 Bd4 32. g4 Rb2 33. Kg2 Rxf2+ 34. Kg3 e5 35. Rd7 Rb2 36. Rd6 Rxb4 37. Rxa6 Rb3+ 38. Kg2 e4 39. Re6 Rb2+ 40.
Kf1 e3 41. Re4 Bc5 42. Re5 Rc2 43. a6 Kg6 44. h4 Kf6 45. Re4 g5 46. h5 Ra2 47.
Rc4 Bd6 48. Re4 Bc5 49. Rc4 e2+ 50. Ke1 Bd6 51. Kf2 Bg3+ 52. Kf3 e1=Q 53. Rc6+ Ke7 54. Rc7+ Kd6 55. Rc5 Kxc5 56. a7 Ra3+ 57. Kg2 Qf2+ 58.
Kh3 Qh2# 0-1

[Event "*** Titled Tuesday Blitz"]
[Site "Chess.com"]
[Date "2020.04.21"]
[Round "6"]
[White "Mizner"]
[Black "kasparicy"]
[Result "1-0"]
[WhiteElo "2507"]
[BlackElo "2333"]
[TimeControl "180+1"]
[EndTime "11:09:10 PDT"]
[Termination "Mizner won by resignation"]

1. e4 c5 2. Nf3 d6 3. d4 cxd4 4. Nxd4 Nf6 5. f3 a6 6. c4 e6 7.
Nc3 b6 8. Be3 Bb7 9. Qd2 Nbd7 10. Rc1 Be7 11. Be2 O-O 12. O-O Rc8 13. Rfd1 Qc7 14. a3 Qb8 15. b4 Rfd8 16. Kh1 Bf8 17.
Bf1 d5 18. cxd5 exd5 19. exd5 Nxd5 20. Nxd5 Rxc1 21. Rxc1 Bxd5 22. Bxa6 Nf6 23. Bd3 Qa8 24.
Qb2 Bb7 25. Bf1 Nd5 26. Bf2 Be7 27. Nf5 Bf6 28. Bd4 Bxd4 29. Qxd4 Nf6 30. Qxb6 Re8 31. Nh6+ gxh6 32. Qxf6 Qxa3 33. Rc4 Bc8 34. Qxh6 Qa1 35. Qg5+ Kf8 36. Qc5+ Kg8 37. Rc1 Qb2 38. b5 Be6 39. b6 Rb8 40. Qg5+ Kh8 41. Rd1 Qxb6 42. Qf6+ Kg8 43.
Bd3 Qb2 44. Qg5+ Qg7 45. Qxg7+ Kxg7 46. h3 h5 47. Kh2 Rd8 48. Be2 Kf6 49. Rxd8 1-0

[Event "*** Titled Tuesday Blitz"]
[Site "Chess.com"]
[Date "2020.04.21"]
[Round "6"]
[White "Pavalamalli"]
[Black "ljuks68"]
[Result "1-0"]
[WhiteElo "2188"]
[BlackElo "2329"]
[TimeControl "180+1"]
[EndTime "11:09:10 PDT"]
[Termination "Pavalamalli won by resignation"]

1. d4 d5 2. Nc3 e6 3. Bf4 Nf6 4. e3 Be7 5. g4 c5 6. g5 Ne4 7.
Nxe4 dxe4 8. h4 Qb6 9. Bg2 Qxb2 10. Bxe4 Qc3+ 11. Kf1 Nc6 12. Ne2 Qa5 13. Kg1 cxd4 14.
exd4 e5 15. d5 exf4 16. dxc6 Qc7 17. Qd5 Be6 18. Qb5 O-O 19. cxb7 Rab8 20. Nd4 a6 21. Qc6 Qe5 22. Nxe6 fxe6 23. Kg2 Kh8 24. Rhe1 f3+ 25.
Bxf3 Qf4 26. Qe4 Qc7 27. Qxe6 Bd6 28. Rad1 Rfd8 29. Qf5 Rf8 30. Qd5 Rfd8 31. Qc6 Qxc6 32. Bxc6 Kg8 33. Re6 Bc7 34. Rxd8+ Rxd8 35. Re8+ Rxe8 36.
Bxe8 Kf8 37. Bc6 Ke7 38. Kf3 Kd6 39. Be4 Ke5 40. Bxh7 a5 41. Be4 Bb8 42. Bc6 Bc7 43. Kg4 1-0

[Event "*** Titled Tuesday Blitz"]
[Site "Chess.com"]
[Date "2020.04.21"]
[Round "6"]
[White "DoHoChess"]
[Black "Gordima"]
[Result "1/2-1/2"]
[WhiteElo "2560"]
[BlackElo "2727"]
[TimeControl "180+1"]
[EndTime "11:09:11 PDT"]
[Termination "Game drawn by repetition"]

1. Nf3 d5 2. d4 Nf6 3. c4 e6 4. g3 dxc4 5. Bg2 a6 6. O-O Nc6 7. Bg5 Be7 8. e3 O-O 9. Qc1 e5 10. dxe5 Ng4 11. Bxe7 Qxe7 12. Qxc4 Ngxe5 13. Nxe5 Nxe5 14.
Qb3 c6 15. Nc3 Be6 16. Qc2 Rad8 17. Rfd1 h5 18. h4 Bg4 19. Rxd8 Rxd8 20. Ne4 f6 21. a3 Nf3+ 22. Kh1 f5 23. Ng5 Nxg5 24. hxg5 Qxg5 25. Qb3+ Kh7 26. Kg1 h4 27. gxh4 Qxh4 28. Qb4 Qg5 29. Kf1 Rd7 30. Rc1 Bh5 31. a4 Qf6 32. a5 Re7 33.
Kg1 Qg5 34. Kf1 Re6 35. Qd2 Rg6 36. f4 Qh4 37. Rc3 Qh2 38. Qf2 Rg3 39. e4 Rxc3 40. bxc3 g6 41. exf5 gxf5 42. c4 Kh6 43. Qe3 Bg4 44.
Qe6+ Kh5 45. Qf7+ Kh6 46. Qf6+ Kh7 47. Qf7+ Kh6 48. Qf6+ Kh7 49. Qf7+ Kh6 1/2-1/2

[Event "*** Titled Tuesday Blitz"]
[Site "Chess.com"]
[Date "2020.04.21"]
[Round "6"]
[White "OparinGrigoriy"]
[Black "KrolPawel92OnTwitch"]
[Result "1-0"]
[WhiteElo "2904"]
[BlackElo "2692"]
[TimeControl "180+1"]
[EndTime "11:09:12 PDT"]
[Termination "OparinGrigoriy won on time"]

1. Nf3 g6 2. g3 Bg7 3. c4 e5 4. d4 exd4 5. Nxd4 Nc6 6. Nxc6 bxc6 7. Bg2 Ne7 8. O-O O-O 9. Nc3 h6 10. Bf4 Rb8 11. Qd2 Kh7 12. Rad1 d6 13. b3 c5 14. h4 Bb7 15. e4 Nc6 16. Ne2 a5 17. h5 a4 18. hxg6+ fxg6 19. Be3 axb3 20. axb3 Ne5 21.
Nf4 Qe8 22. Qc2 Qf7 23. f3 Nc6 24. Ne2 Ra8 25. Qd2 Ra3 26. Rb1 Rfa8 27. Nc1 Nd4 28.
f4 Ra1 29. Rxa1 Rxa1 30. f5 gxf5 31. exf5 Bxg2 32. Qxg2 Be5 33. f6 c6 34. Qe4+ Kg8 35. Qg4+ Kh7 36. Qh4 h5 37. g4 Rxc1 38. Bxc1 Ne2+ 39.
Kg2 Nxc1 40. Qxh5+ Qxh5 41. gxh5 Nxb3 42. f7 Bg7 43. f8=Q Bxf8 44. Rxf8 d5 45. cxd5 cxd5 46. Kf3 c4 47. Rc8 Kh6 48. Kg4 Nd4 49. Rh8+ Kg7 50.
Rd8 c3 51. Rxd5 c2 52. Rc5 Kf6 53. Kh4 Nf5+ 54. Kh3 Nd4 55. Kg4 Kf7 56. Rc7+ Kf6 57. h6 1-0

[Event "*** Titled Tuesday Blitz"]
[Site "Chess.com"]
[Date "2020.04.21"]
[Round "6"]
[White "Lion-Al-Messi"]
[Black "Noghay"]
[Result "1-0"]
[WhiteElo "2455"]
[BlackElo "2586"]
[TimeControl "180+1"]
[EndTime "11:09:12 PDT"]
[Termination "Lion-Al-Messi won by resignation"]

1. d4 Nf6 2. Nf3 g6 3. Nc3 d5 4. Bg5 Bg7 5. e3 O-O 6. Bd3 c5 7. O-O b6 8. e4 c4 9. Be2 Nxe4 10. Nxe4 dxe4 11. Ne5 Be6 12. Nxc4 Qxd4 13. Bxe7 Re8 14. Bg5 Qc5 15. Be3 Qc6 16. Nd2 Bxb2 17. Rb1 Bg7 18. Nxe4 Nd7 19. Bf3 Qc7 20. Nd6 Ne5 21. Nxe8 Rxe8 22.
Be2 Bxa2 23. Rb4 Be6 24. Rh4 h5 25. Qc1 Rc8 26. Bd1 a5 27. Bh6 Bf6 28. Bg5 Bg7 29.
Qf4 Bf5 30. Bxh5 Bxc2 31. Bf6 Bd3 32. Bxg7 Kxg7 33. Re1 gxh5 34. h3 Bg6 35. Qxe5+ Qxe5 36. Rxe5 Ra8 37. Ra4 Bc2 38. Ra3 Bd3 39. Rxd3 a4 40.
Ra3 Kf6 41. Rb5 Ra6 42. Rb4 Kg7 43. Raxa4 1-0

[Event "*** Titled Tuesday Blitz"]
[Site "Chess.com"]
[Date "2020.04.21"]
[Round "6"]
[White "adiosabu"]
[Black "AliKa2810"]
[Result "0-1"]
[WhiteElo "2426"]
[BlackElo "2594"]
[TimeControl "180+1"]
[EndTime "11:09:12 PDT"]
[Termination "AliKa2810 won by resignation"]

1. e4 e6 2. d4 d5 3. Nc3 Nf6 4.
Bg5 dxe4 5. Nxe4 Be7 6. Bxf6 gxf6 7. Nf3 f5 8. Ned2 Bf6 9. c3 b6 10. Bb5+ c6 11. Bd3 Nd7 12. Qe2 Qe7 13. O-O-O Bb7 14.
Rhe1 c5 15. Bxf5 cxd4 16. cxd4 Bd5 17. Be4 Qd6 18. Kb1 O-O-O 19. Nc4 Qf4 20. Bxd5 exd5 21.
Ne3 Qe4+ 22. Ka1 Kb7 23. Qb5 Nb8 24. Nc4 Qf5 25. Ne3 Qd7 26. Qxd7+ Rxd7 27. Nf5 Nc6 28. g4 Rg8 29. g5 Bh8 30. h4 f6 31. Nh6 Rf8 32.
Ng4 fxg5 33. Nxg5 Rf4 34. Ne5 Nxe5 35. dxe5 Rxf2 36. e6 Rxb2 37. a4 Rc7 38. Nf7 Bc3 39.
Nd6+ Ka6 40. Nb5 Rxb5+ 41. Ka2 Rb2+ 42. Ka3 b5 43. axb5+ Rxb5 44. e7 Rxe7 45. Rxe7 Bb4+ 46. Ka4 Bxe7 47. h5 Rb4+ 0-1

[Event "*** Titled Tuesday Blitz"]
[Site "Chess.com"]
[Date "2020.04.21"]
[Round "6"]
[White "Arek_pacitan"]
[Black "saisree"]
[Result "1-0"]
[WhiteElo "2563"]
[BlackElo "2337"]
[TimeControl "180+1"]
[EndTime "11:09:12 PDT"]
[Termination "Arek_pacitan won by checkmate"]

1. e4 c6 2. d4 d5 3. exd5 cxd5 4.
Nf3 Nc6 5. Bd3 Bg4 6. c3 e6 7.
O-O Bd6 8. Nbd2 Nf6 9. Re1 O-O 10.
Qb3 Qc7 11. h3 Bh5 12. a4 a6 13. Qc2 Rac8 14. Qb1 Bg6 15. Nf1 Na5 16. Ne5 Nb3 17.
Nxg6 hxg6 18. Ra2 Qc6 19. Bg5 Nd7 20. Qd1 Na5 21. h4 Nf6 22. Bxf6 gxf6 23. h5 g5 24. Qg4 Kg7 25. h6+ Kh8 26. Qh5 Qb6 27. Ne3 Qb3 28.
Bb1 Nc4 29. Ng4 Be7 30. h7 Nd2 31. Ra3 Qxb2 32. Ra2 Qxc3 33. Rd1 Nxb1 34. Rxb1 Rc7 35. Nh6 Bd6 36. Rab2 Qc1+ 37. Qd1 Qxd1+ 38. Rxd1 Kg7 39.
Ng4 Kxh7 40. Nxf6+ Kg6 41. Ng4 Rfc8 42. g3 Rc1 43.
Rxc1 Rxc1+ 44. Kg2 Rc7 45. Rb6 Be7 46. Ne5+ Kg7 47.
g4 Bf6 48. Nf3 Kf8 49. Rb3 Ke7 50. Rb2 Kd7 51. Rb3 Kc8 52. Rb1 Rc4 53. Rh1 Rxa4 54. Rh7 Bxd4 55. Rxf7 b5 56. Nxg5 e5 57. Ne6 b4 58. g5 b3 59. g6 b2 60. g7 b1=Q 61. g8=Q# 1-0

[Event "*** Titled Tuesday Blitz"]
[Site "Chess.com"]
[Date "2020.04.21"]
[Round "6"]
[White "Anaj14"]
[Black "MPGM"]
[Result "0-1"]
[WhiteElo "2315"]
[BlackElo "2542"]
[TimeControl "180+1"]
[EndTime "11:09:12 PDT"]
[Termination "MPGM won by resignation"]

1. Nf3 d5 2. g3 Nd7 3. c4 dxc4 4.
Na3 Nb6 5. Qc2 Be6 6. Bg2 Nf6 7. O-O Bd5 8. Re1 e6 9. e4 Bc6 10. Nxc4 Nxc4 11. Qxc4 a6 12. e5 Nd5 13. d4 Be7 14.
a3 O-O 15. h4 Qd7 16. Bg5 h6 17. Bxe7 Nxe7 18. Rad1 Rfd8 19. b4 Qd5 20. Qc5 Qxc5 21. dxc5 Kf8 22. Nd4 Bxg2 23. Kxg2 Rd5 24. Nc2 Rad8 25.
Rxd5 Rxd5 26. Re2 Ke8 27. f4 Rd3 28. Kf2 Nf5 29. Ne3 Nd4 30. Ra2 Rb3 31. h5 Nb5 32. a4 Nc3 33. Rc2 Nxa4 34. Rc4 Nb2 35.
Rd4 Rxb4 36. Rxb4 Nd3+ 37. Kf3 Nxb4 38. Ke4 b6 39. cxb6 cxb6 40. Nc4 b5 41. Nd6+ Kf8 42. Kd4 Ke7 43. g4 Nc2+ 44. Kc3 Ne3 45. g5 Nd5+ 46.
Kd4 Nxf4 47. gxh6 gxh6 48. Nc8+ Kf8 49. Nd6 Nxh5 0-1

[Event "*** Titled Tuesday Blitz"]
[Site "Chess.com"]
[Date "2020.04.21"]
[Round "6"]
[White "ADODOVE"]
[Black "Kawhi_Leonard2"]
[Result "0-1"]
[WhiteElo "1912"]
[BlackElo "2302"]
[TimeControl "180+1"]
[EndTime "11:09:12 PDT"]
[Termination "Kawhi_Leonard2 won on time"]

1. e4 c5 2. Nf3 d6 3. d4 cxd4 4. Nxd4 Nf6 5. Nc3 g6 6. Be3 Bg7 7. f3 Nc6 8. Qd2 O-O 9. O-O-O d5 10. exd5 Nxd5 11. Nxc6 bxc6 12. Nxd5 cxd5 13. Bh6 Bxh6 14.
Qxh6 Rb8 15. h4 Qb6 16. b3 Bb7 17.
h5 Rfc8 18. Bd3 Qf6 19. Kb1 e5 20. hxg6 hxg6 21. Qh7+ Kf8 22. Qh6+ Qg7 23. Qh4 a5 24. Qh8+ Qxh8 25. Rxh8+ Kg7 26. Rxc8 Rxc8 27. c4 d4 28. a3 f5 29. Re1 e4 30. fxe4 fxe4 31. Rxe4 Bxe4 32.
Bxe4 a4 33. Kc2 axb3+ 34. Kxb3 Kf6 35. a4 Re8 36. Bd3 Rb8+ 37. Ka3 g5 38. a5 Ke5 39. a6 Ra8 40. Ka4 Rxa6+ 41. Kb5 Ra3 42. Bc2 d3 43. Bd1 Ra1 44. Bf3 Rb1+ 45. Kc6 d2 46. c5 d1=Q 47. Bxd1 Rxd1 48. Kb7 Rb1+ 49. Kc7 Kd5 50. c6 Rc1 51. Kd7 Rxc6 52. Ke7 Ke5 53. Kd7 Ra6 54. Kc7 g4 55. Kb7 Ra2 56. Kb6 Rxg2 57. Kb5 Rf2 58. Kc4 g3 59. Kd3 g2 60. Ke3 g1=Q 61. Kd3 Qe1 0-1

[Event "*** Titled Tuesday Blitz"]
[Site "Chess.com"]
[Date "2020.04.21"]
[Round "6"]
[White "powermove"]
[Black "Rinas_Oleg"]
[Result "0-1"]
[WhiteElo "1598"]
[BlackElo "2239"]
[TimeControl "180+1"]
[EndTime "11:09:12 PDT"]
[Termination "Rinas_Oleg won on time"]

1. Nf3 d5 2. c4 e6 3. g3 Nf6 4.
Bg2 c6 5. O-O Be7 6. Qc2 O-O 7.
d4 b6 8. b3 Bb7 9. Bb2 Nbd7 10. Nc3 Rc8 11. e4 dxe4 12. Nxe4 c5 13. Nxf6+ Nxf6 14.
dxc5 Rxc5 15. Rad1 Qa8 16. Nh4 Bxg2 17. Nxg2 Rd8 18. Nf4 Rcc8 19. Nd3 Qe4 20. Rfe1 Qg6 21. Qe2 Qg4 22. f3 Qh5 23. Kg2 Qa5 24. Ba1 h6 25. Ne5 Qc5 26. Bc3 Rxd1 27. Rxd1 Rd8 28. Re1 Qd6 29.
Ba1 Qd2 30. Kf2 Bc5+ 31. Kf1 Qxe2+ 32. Kxe2 Kf8 33. Rd1 Rxd1 34. Kxd1 Ke8 35. Ke2 Bd6 36. Nd3 Kd7 37. Bb2 Ne8 38. Bc3 f6 0-1

[Event "*** Titled Tuesday Blitz"]
[Site "Chess.com"]
[Date "2020.04.21"]
[Round "6"]
[White "Alliswell998"]
[Black "BvsN"]
[Result "1-0"]
[WhiteElo "2571"]
[BlackElo "2377"]
[TimeControl "180+1"]
[EndTime "11:09:13 PDT"]
[Termination "Alliswell998 won on time"]

1. d4 d5 2. Bg5 h6 3. Bh4 c6 4. Nc3 Qb6 5. Qd2 Bf5 6. O-O-O e6 7. f3 Bb4 8. a3 Be7 9. Bxe7 Nxe7 10. e4 Bg6 11. Nge2 Nd7 12. Nf4 O-O 13. h4 Bh7 14. g4 dxe4 15. fxe4 e5 16. dxe5 Nxe5 17. Qd6 N7g6 18. Nxg6 Nxg6 19. Bc4 Rad8 20. Qg3 Qc5 21. Bb3 Ne5 22. g5 h5 23. Rhf1 Bg6 24. Kb1 b5 25. Qf4 a5 26. Ba2 b4 27. axb4 axb4 28. Na4 Qa5 29. Bb3 Qb5 30. Qe3 Ra8 31. Nb6 Ra6 32. Nd7 Rfa8 33. c4 bxc3 34. Qxc3 Bxe4+ 35. Kc1 Ra1+ 36. Kd2 Rxd1+ 37. Rxd1 Nxd7 38. g6 Bd5 39. gxf7+ Bxf7 40. Rg1 Ne5 41. Bxf7+ Kxf7 42. Rg2 Rd8+ 43. Kc1 Qd5 44. Rf2+ Kg8 45. Rf1 Qd3 46. Qe1 1-0

[Event "*** Titled Tuesday Blitz"]
[Site "Chess.com"]
[Date "2020.04.21"]
[Round "6"]
[White "IMAghasiyevKamal"]
[Black "MFBerna"]
[Result "1/2-1/2"]
[WhiteElo "2527"]
[BlackElo "2370"]
[TimeControl "180+1"]
[EndTime "11:09:13 PDT"]
[Termination "Game drawn by repetition"]

1. d4 d5 2. c4 e6 3. Nc3 Be7 4. Bf4 Nf6 5. e3 O-O 6. Nf3 b6 7. Be2 Bb7 8. cxd5 exd5 9. O-O Nbd7 10. Rc1 c5 11. Bd3 Nh5 12. Be5 Nxe5 13. dxe5 g6 14. Qe2 Ng7 15. Rfd1 Ne6 16. Bc4 d4 17. exd4 cxd4 18.
Nb5 Nf4 19. Qd2 Bxf3 20. Qxf4 Bxd1 21. Rxd1 Bc5 22. Nd6 Qe7 23. a3 Rad8 24. Ne4 d3 25. Nf6+ Kg7 26. Nd5 Qe6 27. Rxd3 f5 28. Nc7 Qe7 29.
Ne6+ Kh8 30. Nxd8 Rxd8 31. Rxd8+ Qxd8 32. g3 Qd4 33. e6 Qxf4 34. gxf4 Kg7 35. Kg2 Kf6 36.
Kf3 Bd4 37. b3 Bb2 38. a4 Ba3 39. Ke2 Bc5 40. Kf3 Bd6 41. h3 a5 42. Bd5 Bc5 43. Kg3 Bd6 44. Kf3 Bc7 45. Ke3 Bd6 46.
Kf3 1/2-1/2

[Event "*** Titled Tuesday Blitz"]
[Site "Chess.com"]
[Date "2020.04.21"]
[Round "6"]
[White "Rsnr"]
[Black "Semen_Khanin"]
[Result "0-1"]
[WhiteElo "2769"]
[BlackElo "2647"]
[TimeControl "180+1"]
[EndTime "11:09:14 PDT"]
[Termination "Semen_Khanin won on time"]

1. d4 Nf6 2. c4 g6 3. g3 c6 4. Bg2 d5 5. e3 Bg7 6. Ne2 O-O 7.
O-O dxc4 8. Na3 e5 9. dxe5 Qxd1 10. Rxd1 Nfd7 11. f4 Nb6 12. Bd2 Bg4 13. Kf2 N8d7 14.
Rac1 f6 15. Nxc4 Nxc4 16. Rxc4 fxe5 17. Bb4 Rf7 18. Rc2 Re8 19. Rdd2 g5 20. h3 exf4 21.
exf4 Bf5 22. Rc1 gxf4 23. Nxf4 Ne5 24. b3 Nd3+ 25. Nxd3 Bxd3+ 26. Kg1 Bh6 27. Rxd3 Bxc1 28. Bc3 Re3 29. Rd8+ Rf8 30. Rxf8+ Kxf8 31. Bb4+ Kf7 32. Kf2 Rd3 33. Bf1 Rd7 34. Bc4+ Kg6 35. Kf3 Bb2 36.
a4 Bf6 37. a5 b6 38. a6 b5 39.
Be2 Bd4 40. Ke4 Bb6 41. Bd3 Rd4+ 42. Ke3+ Kf7 0-1

[Event "*** Titled Tuesday Blitz"]
[Site "Chess.com"]
[Date "2020.04.21"]
[Round "6"]
[White "amintabatabaei"]
[Black "LionTheLeon_06"]
[Result "1-0"]
[WhiteElo "2824"]
[BlackElo "2624"]
[TimeControl "180+1"]
[EndTime "11:09:14 PDT"]
[Termination "amintabatabaei won on time"]

1. Nf3 Nf6 2. g3 b6 3. Bg2 Bb7 4. O-O e6 5. d3 d5 6. Nbd2 c5 7.
e4 Be7 8. e5 Nfd7 9. Re1 Nc6 10. Nf1 Qc7 11. Bf4 h6 12. h4 O-O-O 13. N1h2 Rdg8 14. Ng4 g5 15. hxg5 hxg5 16. Bd2 Kb8 17. c3 Qc8 18. a3 f5 19. exf6 Nxf6 20. Nxg5 Nxg4 21. Qxg4 Ka8 22. f4 Bxg5 23. fxg5 Qc7 24. Rxe6 Qh7 25. Bf4 Qxd3 26. Rd1 Qc2 27. Qe2 Qh7 28.
Rh6 Qf5 29. Rxd5 Qf7 30. Rdd6 Na5 31. Rdf6 Qd7 32. Qd2 Qc8 33. g6 Rd8 34. Qe2 Rhe8 35.
Qf2 Bxg2 36. Qxg2+ Nb7 37. g7 Qg4 38. Rfg6 Qd1+ 39. Kh2 Re2 40. g8=Q Rxg2+ 41. Kxg2 Qe2+ 42. Kh3 Qf1+ 43. Kh4 Qh1+ 44. Kg5 Qe4 45. Qe6 1-0

[Event "*** Titled Tuesday Blitz"]
[Site "Chess.com"]
[Date "2020.04.21"]
[Round "6"]
[White "11kevin"]
[Black "Nara_Kh"]
[Result "0-1"]
[WhiteElo "2527"]
[BlackElo "2374"]
[TimeControl "180+1"]
[EndTime "11:09:14 PDT"]
[Termination "Nara_Kh won by checkmate"]

1. d4 d6 2. e4 Nf6 3. Nc3 g6 4. h3 Bg7 5. Be3 O-O 6. f4 a6 7.
e5 Nfd7 8. a4 c5 9. exd6 exd6 10.
Nf3 Re8 11. Kf2 Nc6 12. dxc5 Nxc5 13. Bd3 b6 14. Re1 Bb7 15. Kg1 Nb4 16. Bc4 d5 17. Bxc5 bxc5 18. Rxe8+ Qxe8 19. Bxd5 Rd8 20. Bxb7 Rxd1+ 21.
Rxd1 Nxc2 22. Nd5 Nd4 23. Nxd4 Bxd4+ 24. Kh2 Qe2 25. Rb1 Kg7 26. a5 h5 27. Nc3 Qc2 28. Be4 Qf2 29. Bf3 h4 30. Ne2 Bf6 31. Rc1 Bxb2 32.
Rc2 Bf6 33. Bb7 Qe1 34. Bxa6 Qxa5 35. Bc4 Qb4 36. Rc1 Qd2 37. Rb1 Bd4 38. Rb7 Kh6 39.
Rxf7 Be3 40. Rf8 Qc2 41. Bb5 c4 42. Rh8+ Kg7 43. Ng1 Qc1 44. Nf3 Bxf4+ 45. g3 hxg3+ 46. Kg2 Qc2+ 47. Kh1 g2+ 48. Kg1 Be3+ 49. Kh2 g1=Q# 0-1

[Event "*** Titled Tuesday Blitz"]
[Site "Chess.com"]
[Date "2020.04.21"]
[Round "6"]
[White "chess4life23"]
[Black "energie73"]
[Result "1-0"]
[WhiteElo "2423"]
[BlackElo "2241"]
[TimeControl "180+1"]
[EndTime "11:09:14 PDT"]
[Termination "chess4life23 won by resignation"]

1. d4 g6 2. e4 Nf6 3. Nd2 d5 4. e5 Ne4 5. Nb3 c5 6. f3 c4 7. fxe4 cxb3 8. exd5 Qxd5 9. axb3 Nc6 10. Be3 Bf5 11. c3 O-O-O 12. Nf3 f6 13. Bc4 Qe4 14. Qe2 fxe5 15. d5 Rxd5 16. Bxd5 Qxd5 17. O-O Bd3 18.
Qd2 e4 19. Ng5 Qxb3 20. Rf2 Ne5 21. h3 Nc4 22. Qe1 Bh6 23. Bd4 e5 24. Nf7 exd4 25.
Nxh6 e3 26. Rf7 a6 27. Qg3 Qb6 28. Qg4+ Kb8 29. Qxd4 Qxd4 30. cxd4 Nxb2 31. Ng4 e2 32. Re7 Rd8 33. Ne5 Bb5 34. Nf3 Nd1 35. Rb1 Rxd4 36.
Nxd4 Bd3 37. Rbxb7+ Kc8 38. Nxe2 Bxe2 39. Rbc7+ Kd8 40.
Rcd7+ Kc8 41. Rxe2 Kxd7 42. Rd2+ Kc6 43. Rxd1 Kb5 44.
Rd7 a5 45. Rxh7 a4 46. Rh6 a3 47. Rh8 Kb4 48. Ra8 Kb3 49. Kf2 a2 50. Kg3 Kb2 51.
Kg4 a1=Q 52. Rxa1 Kxa1 53. Kg5 Kb2 54. Kxg6 Kc3 55. g4 Kd4 56. g5 Ke5 57. h4 Kf4 58. h5 Kg4 59. h6 Kf4 60. h7 Ke5 61. h8=Q+ Kd6 62. Qf6+ 1-0